 Dungeon Crawl Stone Soup version 0.29.1-15-g9cfb28693d (webtiles) character file.

Game seed: 4721217319838624281

338 Heoruswealwe the Magician (level 6, -3/32 HPs)
             Began as a Deep Elf Earth Elementalist on May 1, 2023.
             Succumbed to a killer bee's poison
             ... on level 5 of the Dungeon.
             The game lasted 00:07:17 (735 turns).

Heoruswealwe the Magician (DEEE)                     Turns: 735, Time: 00:07:17

Health: -3/32      AC:  2    Str:  5    XL:     6   Next: 29%
Magic:  7/17       EV: 12    Int: 22    God:
Gold:   52         SH:  0    Dex: 15    Spells: 8/18 levels left

rFire   . . .      SeeInvis .   (no weapon)
rCold   . . .      Faith    .   (no shield)
rNeg    . . .      Spirit   .   c - +0 robe
rPois   .          Reflect  .   (no helmet)
rElec   .          Harm     .   (no cloak)
rCorr   .          Rampage  .   (no gloves)
Will    .....                   (no boots)
Stlth   ++........              (no amulet)
HPRegen 0.10/turn               (no ring)
MPRegen 0.15/turn               (no ring)

@: lethally poisoned (-3 -> -22)
A: no striking features
a: no special abilities


You were on level 5 of the Dungeon.
You visited 1 branch of the dungeon, and saw 5 of its levels.

You collected 72 gold pieces.
You spent 20 gold pieces at shops.

Inventory:

Armour
 c - a +0 robe (worn)
Scrolls
 a - 2 scrolls of teleportation
 d - a scroll of magic mapping
Potions
 b - 2 potions of magic
 e - a potion of heal wounds {unknown}


   Skills:
 - Level 2.4 Dodging
 - Level 2.4 Stealth
 + Level 6.7 Spellcasting
 - Level 1.1 Transmutations
 + Level 6.0 Earth Magic


You had 8 spell levels left.
You knew the following spells:

 Your Spells              Type           Power      Damage    Failure   Level
a - Sandblast             Erth           66%        2d15      1%          1
b - Stone Arrow           Conj/Erth      40%        3d9       8%          3
c - Petrify               Tmut/Erth      23%        N/A       21%         4
z - Passwall              Tmut/Erth      19%        N/A       3%          2

Your spell library contained the following spells:

 Spells                   Type           Power      Damage    Failure   Level


Dungeon Overview and Level Annotations

Branches:
Dungeon (5/15)
 Temple: D:4-7

Altars:
Uskayaw

Shops:
D:3 ?


Message History

You are poisoned.
The killer bee poisons you!
The blast of sand hits the killer bee!
The killer bee is almost dead.
The killer bee buzzes angrily.
You feel sick. The killer bee barely misses you. The killer bee stings you.
The killer bee closely misses you.
You are too injured to fight recklessly!
Casting: Sandblast (safe; 1% risk of failure)
Confirm with . or Enter, or press ? or * to list all spells.
Aiming: Sandblast (safe; 1% risk of failure)
Press: ? - help, Shift-Dir - straight line, f/p - killer bee
Aim: a killer bee (almost dead, 67% to hit)
The blast of sand hits the killer bee!
You kill the killer bee!
You feel sick.
Your Earth Magic skill increases to level 6!
Casting: Sandblast (safe; 1% risk of failure)
Confirm with . or Enter, or press ? or * to list all spells.
Aiming: Sandblast (safe; 1% risk of failure)
Press: ? - help, Shift-Dir - straight line, f - killer bee
Aim: a killer bee (67% to hit)
The blast of sand hits the killer bee.
The killer bee is moderately wounded.
You feel sick. The killer bee stings you.
You are more poisoned.
The killer bee poisons you!
The killer bee stings you but does no damage.
The killer bee stings you!
* * * LOW HITPOINT WARNING * * *
You are more poisoned.
The killer bee poisons you!
Casting: Sandblast (safe; 1% risk of failure)
Confirm with . or Enter, or press ? or * to list all spells.
Aiming: Sandblast (safe; 1% risk of failure)
Press: ? - help, Shift-Dir - straight line, f/p - killer bee
Aim: a killer bee (moderately wounded, 67% to hit)
The blast of sand hits the killer bee!
The killer bee is almost dead.
You die...

....(.... ........#
..# ## .....#..#
#..#. #..
....#..###...... #...
#..............
.....#..............
......Sy............
. ....#.@...........
.. ................##
...
.................#...
..##...............#
........#.......#.##
.....?.#.......# ##
.....#..........##.#
.....#.#..##.......#
.## ..##.##.....^..#


You could see a killer bee and an adder.

Vanquished Creatures
  3 killer bees (D:5)
  An orc priest (D:4)
  A hound (D:4)
  Natasha (thrice) (D:3)
  3 gnolls (D:3)
  3 adders
  2 dart slugs
  6 orcs (D:4)
  2 endoplasms
  2 goblins (D:3)
  2 hobgoblins
  A bat (D:2)
  4 kobolds
  2 rats
35 creatures vanquished.

Notes
Turn   | Place    | Note
-------+----------+-------------------------------------------
     0 | D:1      | Heoruswealwe the Deep Elf Earth Elementalist began the
                  | quest for the Orb.
     0 | D:1      | Reached XP level 1. HP: 10/10 MP: 6/6
   209 | D:3      | Reached XP level 2. HP: 15/15 MP: 2/8
   212 | D:3      | Learned a level 2 spell: Passwall
   218 | D:3      | Noticed Natasha
   223 | D:3      | Noticed a crimson imp
   223 | D:3      | Killed Natasha
   224 | D:3      | Reached XP level 3. HP: 19/19 MP: 0/10
   251 | D:3      | Found Cuv Qay's Magic Scroll Boutique.
   298 | D:3      | Noticed Natasha
   303 | D:3      | Killed Natasha
   304 | D:3      | Reached XP level 4. HP: 11/24 MP: 0/12
   308 | D:3      | Learned a level 3 spell: Stone Arrow
   313 | D:3      | Learned a level 4 spell: Petrify
   318 | D:3      | Noticed Natasha
   322 | D:3      | Killed Natasha
   323 | D:3      | Reached skill level 5 in Spellcasting
   329 | D:3      | Bought a scroll of identify for 20 gold pieces
   550 | D:4      | Reached skill level 5 in Earth Magic
   550 | D:4      | Reached XP level 5. HP: 28/28 MP: 12/15
   569 | D:4      | Found a hide-covered altar of Uskayaw.
   711 | D:5      | Entered Level 5 of the Dungeon
   730 | D:5      | Reached XP level 6. HP: 28/32 MP: 11/17
   735 | D:5      | Succumbed to a killer bee's poison

Illustrated notes

Levels and vault maps discovered:
D:1:      spicycebolla_arrival_ecumenical, layout_loops_ring, serial_aquarium,
          aquarium_bridge_square [aquarium_subvault_wall,
          aquarium_subvault_bridge, aquarium_subvault_wall,
          aquarium_subvault_bridge], aquarium_bridge_straight
          [aquarium_subvault_bridge, aquarium_subvault_wall,
          aquarium_subvault_bridge, aquarium_subvault_wall],
          aquarium_window_fake, aquarium_window_double,
          aquarium_window_corridor_1, aquarium_window_2, aquarium_view_2f,
          feat_on_display
D:2:      layout_basic
D:3:      layout_rooms, serial_shops, shop, uniq_natasha
D:4:      layout_basic, nicolae_overflow_crystal_walls,
          nicolae_dithmenos_shadow_blocks
D:5:      kennysheep_windowed_halls, layout_cave_pools,
          dreamdust_princess_corridor

Skill      XL: |  1  2  3  4  5  6 |
---------------+-------------------+-----
Spellcasting   | 4 5 6 |  6.7
Earth Magic    | 4 5 6 |  6.0
Dodging        | |  2.4
Stealth        | |  2.4
Transmutations | |  1.1

Action                   |  1- 3 |  4- 6 || total
-------------------------+-------+-------++-------
 Cast: Sandblast         |    27 |    34 ||    61
  Use: Scroll            |     1 |     2 ||     3
Armor: Robe              |       |     1 ||     1
Dodge: Dodged            |     6 |    13 ||    19
